Cogmind - Beta 11.1 --- EXPLORER MODE // 2022.04.28 @ 14:05:15 Player: Grimbling Result: Destroyed 0B10! Performance ------------- Evolutions (9) 4500 Regions Visited (23) 4600 Robots Destroyed (65) 325 Value Destroyed (1955) 1955 Prototype IDs (56) 1120 Alien Tech Used (9) 1800 Bonus (15292) 15292 TOTAL SCORE: 29592 Bonus ------- High Alert Combat Kills 90 Follower Combat Kills 228 Met Zhirov 300 Met Warlord at Base 500 MAIN.C Attacked Warlord 500 Used Core Reset Matrix 3000 Met Sigix 2000 Escaped with Sigix 5000 Met Warlord at Command 2000 Win 3000 Friendly Fire -1326 Cogmind --------- Core Integrity 642/1600 Matter 415/425 Energy 276/280 System Corruption 0% Temperature Cool (8) Movement Flying (31) Location Tau Ceti IV Orbit Parts ------- > --- POWER (3) -------- Light Quantum Reactor Light Quantum Reactor > --- PROPULSION (8) --- Nuclear Pulse Array Field Propulsion Array Electron Diverter Impulse Thruster Array > --- UTILITY (13) ----- Advanced Weight Redist. System Structural Scanner Experimental Optical Array Advanced Sensor Array Experimental Signal Interpreter Experimental Transmission Jammer ECM Suite Experimental Reaction Control System Improved Hacking Suite Advanced System Shield Improved System Guard Spacefold Activator > --- WEAPON (2) ------- Nanosword Nanosword > --- INVENTORY (7) ---- Particle Reactor Impulse Thruster Field Propulsion Array Sigix Containment Pod Peak State ------------ > --- POWER ------------ Light Quantum Reactor Improved Quantum Reactor > --- PROPULSION ------- Q-thruster Q-thruster Improved Diametric Drive Impulse Thruster Array Improved Q-thruster > --- UTILITY ---------- Experimental Heat Sink Experimental Optical Array Advanced Sensor Array Experimental Signal Interpreter Advanced Transmission Jammer Advanced Reaction Control System Improved Hacking Suite Advanced Hacking Suite Advanced Hacking Suite Improved System Shield Improved System Guard Microwarp Drive > --- WEAPON ----------- Sigix Broadsword > --- INVENTORY -------- Light Neutrino Core Impulse Thruster Advanced Sensor Array Sigix Containment Pod [Rating: 201] Favorites ----------- Power Fission Core Engine Light Ion Engine Power Core Fission Core Reactor Light Quantum Reactor Propulsion Q-thruster Leg Aluminum Leg Hover Unit Cooled Gravmag System Flight Unit Q-thruster Utility Advanced Terrain Scan Processor Device Structural Scanner Storage Small Storage Unit Processor Advanced Terrain Scan Processor Hackware Advanced Hacking Suite Protection Propulsion Shielding Artifact Spacefold Activator Weapon Nanosword Energy Gun EM Pulse Gun Energy Cannon Ion Cannon Ballistic Gun Flak Gun Impact Weapon Core Stripper Slashing Weapon Nanosword Piercing Weapon Vortex Lance Build | -11 -10 -9 -8 -7 -6 -6 -6 -6 -6 -5 -5 -5 -4 -4 -4 -4 -3 -3 -2 -2 -2 -1 -1 ------- Run | Scr Mat Mat Mat Fac Fac Ext Cet Arc Hub Fac Upp Upp Fac Upp Upp War Pro Res Res Qua Sec Acc Com Slots Evolved 19 | . 1 2 2 2 2 . . . . 2 . . 2 . . . . 2 2 . . 2 . Power 2 | . . 1 . . . . . . . . . . 1 . . . . . . . . . . Propulsion 6 | . 1 . 1 1 . . . . . 1 . . . . . . . . . . . 2 . Utility 11 | . . 1 1 1 2 . . . . 1 . . 1 . . . . 2 2 . . . . Weapon . | . . . . . . . . . . . . . . . . . . . . . . . . Parts Attached 248 | 5 3 11 6 5 9 6 1 2 12 12 2 3 9 8 . 1 . 26 32 11 25 38 21 Power 38 | 1 . 1 1 . 2 2 . 1 2 1 . 2 1 2 . . . 3 4 1 6 7 1 Engine 6 | 1 . . . . 1 . . . . . . . . . . . . 2 . . 2 . . Core 18 | . . 1 1 . 1 2 . . 2 1 . 2 1 2 . . . . 1 1 1 2 . Reactor 14 | . . . . . . . . 1 . . . . . . . . . 1 3 . 3 5 1 Propulsion 69 | 2 2 4 2 2 1 3 . 1 6 5 1 1 3 4 . . . 9 4 1 6 10 2 Treads . | . . . . . . . . . . . . . . . . . . . . . . . . Leg 11 | 2 2 . . . . . . . 4 3 . . . . . . . . . . . . . Wheel . | . . . . . . . . . . . . . . . . . . . . . . . . Hover 11 | . . . . . . . . 1 1 2 . . 2 1 . . . 4 . . . . . Flight 47 | . . 4 2 2 1 3 . . 1 . 1 1 1 3 . . . 5 4 1 6 10 2 Utility 111 | 1 1 3 2 3 4 1 . . 2 3 1 . 4 2 . . . 9 20 5 11 21 18 Device 67 | . 1 2 1 1 1 1 . . 2 2 . . 3 . . . . 9 11 3 5 13 12 Storage 6 | 1 . . 1 . 1 . . . . . . . . 1 . . . . . . . 2 . Processor 26 | . . 1 . 1 2 . . . . 1 1 . 1 1 . . . . 7 1 2 3 5 Hackware 8 | . . . . . . . . . . . . . . . . . . . 2 1 2 2 1 Protection 2 | . . . . 1 . . . . . . . . . . . . . . . . . 1 . Artifact 2 | . . . . . . . . . . . . . . . . . . . . . 2 . . Weapon 30 | 1 . 3 1 . 2 . 1 . 2 3 . . 1 . . 1 . 5 4 4 2 . . Energy Gun 6 | 1 . 2 . . . . . . . 1 . . . . . . . . 2 . . . . Energy Cannon 1 | . . . . . . . . . 1 . . . . . . . . . . . . . . Ballistic Gun 2 | . . . . . . . . . 1 1 . . . . . . . . . . . . . Ballistic Cannon . | . . . . . . . . . . . . . . . . . . . . . . . . Launcher . | . . . . . . . . . . . . . . . . . . . . . . . . Special Weapon . | . . . . . . . . . . . . . . . . . . . . . . . . Impact Weapon 3 | . . . . . 1 . . . . . . . . . . . . . 1 1 . . . Slashing Weapon 13 | . . 1 1 . . . 1 . . 1 . . 1 . . . . 5 . 1 2 . . Piercing Weapon 5 | . . . . . 1 . . . . . . . . . . 1 . . 1 2 . . . Special Melee Weapon . | . . . . . . . . . . . . . . . . . . . . . . . . Unidentified Prototypes 38 | . . 2 . . 3 . . 2 . 2 . . 1 . . 1 . 5 11 5 2 . 4 Parts Lost 99 | . . . 1 2 1 12 2 2 . 3 3 6 1 5 . . 5 21 2 . 16 12 5 Power 21 | . . . 1 . 1 2 . 1 . . . 2 . 2 . . 1 3 . . 5 2 1 Propulsion 34 | . . . . 1 . 7 1 1 . . 1 4 . 2 . . 2 5 . . 4 5 1 Utility 37 | . . . . 1 . 3 . . . 2 2 . 1 . . . 2 10 2 . 6 5 3 Weapon 7 | . . . . . . . 1 . . 1 . . . 1 . . . 3 . . 1 . . Highest Loss Streak 17 | . . . 1 1 1 8 2 2 . 2 3 3 1 2 . . 5 17 1 . 5 5 2 To Critical Strikes 2 | . . . . . . . 1 . . . . . . . . . . . . . 1 . . Average Slot Usage (%) 74 | . 85 87 87 92 92 64 28 28 73 79 83 54 55 73 80 80 74 46 74 79 77 75 81 Engine 1 | . 12 10 5 . 3 2 . . . . . . . . . . . 1 . . . . . Core 4 | . . 9 10 14 7 3 . . 11 8 11 5 6 5 5 5 5 . . . 1 . . Reactor 2 | . . . . . . . . 1 . . . . . . . . . . 7 8 4 6 10 Leg 5 | . 36 1 . . . . . . 23 15 11 . . . . . . . . . . . . Hover 3 | . . . . . . . . 2 1 7 14 9 11 11 10 10 8 3 . . . . . Flight 13 | . . 27 33 35 31 18 3 . . 5 5 5 . 10 15 15 13 8 19 20 18 20 18 Device 15 | . 11 19 18 24 18 14 10 6 12 20 12 5 8 15 15 15 14 10 26 20 14 11 19 Storage 1 | . 12 . . . 6 3 . . . . . . . 5 5 5 3 . . . . . . Processor 13 | . . 9 8 7 11 12 12 12 12 11 18 22 20 20 25 25 24 16 12 13 12 13 11 Hackware 2 | . . . . . . . . . . . . . . . . . . . 2 9 15 10 7 Energy Gun 1 | . 12 6 . . . . . . . 2 . . . . . . . . . . . . . Slashing Weapon 4 | . . 3 10 7 2 . 1 6 6 5 9 5 8 5 5 5 5 3 . 1 4 7 7 Naked Turns . | . . . . . . . . . . . . . . . . . . . . . . . . Heaviest Build 60 | 15 16 16 17 18 23 26 5 15 28 29 26 21 27 27 20 20 20 26 46 47 53 58 60 Greatest Support 71 | 20 30 30 20 25 26 29 6 13 71 48 29 22 34 34 21 21 21 43 47 47 47 63 69 Greatest Overweight (x) 4 | . . 1 . . . . . 1 . 2 1 . . 4 . . . 1 . . 1 . 1 Average Overweight (x) . | . . . . . . . . . . . . . . . . . . . . . . . . Largest Inventory Capacity 17 | 10 10 10 8 5 8 8 5 5 5 5 5 5 5 8 8 8 8 5 5 5 7 17 7 Average Capacity 6 | 8 10 5 5 5 8 6 5 5 5 5 5 5 5 7 8 8 7 5 5 5 6 7 7 Most Carried 8 | 2 6 6 5 5 7 8 5 5 5 5 5 5 5 7 5 7 7 5 5 5 5 7 7 Average Carried 4 | 1 4 4 4 3 4 5 4 5 4 4 4 4 4 4 5 5 6 4 4 4 4 5 6 Final Capacity 10 | 10 10 5 5 5 8 5 5 5 5 5 5 5 5 8 8 8 5 5 5 5 7 7 7 Final Carried 7 | 2 5 5 5 3 7 5 5 5 5 5 5 5 5 5 5 7 5 5 5 5 5 6 6 Class Distribution -------------------- 29% | Hacker-Mutant 22% | Hacker-Scout 15% | Hacker-Ninja 9% | Hacker-Sprinter 7% | Hacker-Assassin 6% | Wizard-Ninja 3% | Generator-Ninja Dominant Class ---------------- Hacker-Mutant | -10/Materials Hacker-Sprinter | -9/Materials Hacker-Scout | -8/Materials Hacker-Sprinter | -7/Factory Hacker-Scout | -6/Factory Hacker-Scout | -6/Extension Hacker-Mutant | -6/Cetus Hacker-Mutant | -6/Archives Hacker-Mutant | -6/Hub_04(d) Hacker-Assassin | -5/Factory Hacker-Ninja | -5/Upper Caves Hacker-Mutant | -5/Upper Caves Hacker-Mutant | -4/Factory Hacker-Scout | -4/Upper Caves Hacker-Scout | -4/Upper Caves Hacker-Scout | -4/Warlord Hacker-Scout | -3/Proximity Caves Hacker-Mutant | -3/Research Generator-Ninja | -2/Research Wizard-Ninja | -2/Quarantine Wizard-Ninja | -2/Section 7 Hacker-Sprinter | -1/Access Hacker-Ninja | -1/Command Resources | -11 -10 -9 -8 -7 -6 -6 -6 -6 -6 -5 -5 -5 -4 -4 -4 -4 -3 -3 -2 -2 -2 -1 -1 ----------- Run | Scr Mat Mat Mat Fac Fac Ext Cet Arc Hub Fac Upp Upp Fac Upp Upp War Pro Res Res Qua Sec Acc Com Matter Collected 2521 | 250 20 80 80 40 115 30 5 . 120 40 36 79 70 70 . . 5 173 330 95 306 312 265 Remotely 110 | . . . . . . . . . . . . . . . . . . . . . . . 110 Salvage Created 2663 | 97 300 . 78 95 18 85 . 5 88 . 22 60 119 42 . . . 394 114 231 490 208 217 Parts 157 | 5 23 . 6 2 2 2 . . 4 . 1 6 8 5 . . . 17 6 13 32 11 14 Haulers Intercepted 6 | . . . 1 1 . . . . . . . . 1 . . . . . . 1 1 1 . Recyclers Shooed 2 | . 2 . . . . . . . . . . . . . . . . . . . . . . Parts Field Recycled . | . . . . . . . . . . . . . . . . . . . . . . . . Retrieved Matter . | . . . . . . . . . . . . . . . . . . . . . . . . Parts Self-Destructed . | . . . . . . . . . . . . . . . . . . . . . . . . Prevented . | . . . . . . . . . . . . . . . . . . . . . . . . Kills | -11 -10 -9 -8 -7 -6 -6 -6 -6 -6 -5 -5 -5 -4 -4 -4 -4 -3 -3 -2 -2 -2 -1 -1 ------- Run | Scr Mat Mat Mat Fac Fac Ext Cet Arc Hub Fac Upp Upp Fac Upp Upp War Pro Res Res Qua Sec Acc Com Combat Hostiles Destroyed 23 | . 6 . . . . 1 . . 1 . 1 1 . 2 . . . . 1 1 4 . 5 Melee 17 | . . . . . . 1 . . 1 . 1 1 . 2 . . . . 1 1 4 . 5 Guns 5 | . 5 . . . . . . . . . . . . . . . . . . . . . . AOE 1 | . 1 . . . . . . . . . . . . . . . . . . . . . . Classes Destroyed 14 | 2 5 . 2 1 . . . . 1 . . 1 . . . . . . 1 1 . . . Worker 5 | . 1 . . . . . . . . . . . . . . . . 2 . . 2 . . Builder 8 | . 1 . . . 1 . . . . . . . 1 . . . . 3 . . 1 1 . Tunneler 2 | 1 . . . . . . . . . . . . 1 . . . . . . . . . . Hauler 6 | . . . 1 1 . . . . . . . . 1 . . . . . . 1 1 1 . Recycler 3 | 1 . . . . . . . . . . . . . . . . . 2 . . . . . Mechanic 1 | . . . . 1 . . . . . . . . . . . . . . . . . . . Operator 1 | . . . 1 . . . . . . . . . . . . . . . . . . . . Watcher 13 | . 3 . . . . . . . 1 . . . . . . . . 1 2 1 2 2 1 Swarmer 16 | . 4 . . . . . . . . . 1 . . 2 . . . . . . 4 . 5 Grunt 3 | . 2 . . . . 1 . . . . . . . . . . . . . . . . . Researcher 3 | . . . . . . . . . . . . . . . . . . . . 1 2 . . Sentry 1 | . . . . . . . . . 1 . . . . . . . . . . . . . . Programmer 2 | . . . . . . . . . . . . 1 . . . . . . . 1 . . . Executioner 1 | . . . . . . . . . . . . . . . . . . . 1 . . . . Best Kill Streak 5 | 2 4 . 1 2 1 1 . . 1 . 1 1 2 2 . . . 5 2 2 4 2 2 Combat Bots Only 4 | . 4 . . . . 1 . . 1 . 1 1 . 2 . . . . 1 1 3 . 2 Max Kills in Single Turn 1 | 1 1 . 1 1 1 1 . . 1 . 1 1 1 1 . . . 1 1 1 1 1 1 Gunslinging . | . . . . . . . . . . . . . . . . . . . . . . . . Exploded 1 | . 1 . . . . . . . . . . . . . . . . . . . . . . Melee 1 | . . . . . . 1 . . 1 . 1 1 . 1 . . . . 1 1 1 . 1 Uniques/NPCs Destroyed . | . . . . . . . . . . . . . . . . . . . . . . . . Combat | -11 -10 -9 -8 -7 -6 -6 -6 -6 -6 -5 -5 -5 -4 -4 -4 -4 -3 -3 -2 -2 -2 -1 -1 -------- Run | Scr Mat Mat Mat Fac Fac Ext Cet Arc Hub Fac Upp Upp Fac Upp Upp War Pro Res Res Qua Sec Acc Com Damage Taken 10780 | . 106 111 39 148 166 670 175 366 241 328 207 651 75 464 11 . 347 1658 423 204 2218 1055 1117 Core 4039 | . 14 15 11 30 41 242 129 323 55 43 26 277 59 118 . . 126 619 145 17 791 462 496 Absorbed by Shields 140 | . . . . . . 33 . . . . . . . . . . . . . . . . 107 Redirected to Shielding 51 | . . . . . 13 38 . . . . . . . . . . . . . . . . . Regen/Repaired (Parts) 343 | . . . . . . . . . . . . . . . . . . 64 . 101 178 . . Core Remaining (%) 68 | 100 94 96 98 95 . . . . 7 . . 65 . . . . 73 52 . . 34 . 40 Volleys Fired 45 | 7 32 2 . . . . . . . 4 . . . . . . . . . . . . . Largest 1 | 1 1 1 . . . . . . . 1 . . . . . . . . . . . . . Hottest 65 | 40 40 40 . . . . . . . 65 . . . . . . . . . . . . . Shots Fired 45 | 7 32 2 . . . . . . . 4 . . . . . . . . . . . . . Gun 45 | 7 32 2 . . . . . . . 4 . . . . . . . . . . . . . Cannon . | . . . . . . . . . . . . . . . . . . . . . . . . Launcher . | . . . . . . . . . . . . . . . . . . . . . . . . Special . | . . . . . . . . . . . . . . . . . . . . . . . . Kinetic . | . . . . . . . . . . . . . . . . . . . . . . . . Thermal . | . . . . . . . . . . . . . . . . . . . . . . . . Explosive . | . . . . . . . . . . . . . . . . . . . . . . . . Electromagnetic 45 | 7 32 2 . . . . . . . 4 . . . . . . . . . . . . . Robot Hit Streak 17 | 3 16 17 . . . . . . . 1 . . . . . . . . . . . . . Robot Miss Streak 2 | 1 2 1 . . . . . . . 1 . . . . . . . . . . . . . Penetration Max . | . . . . . . . . . . . . . . . . . . . . . . . . Secondary Targets . | . . . . . . . . . . . . . . . . . . . . . . . . Shots Hit Robots 158 | 6 28 1 5 7 1 7 . 9 8 3 1 10 5 2 . . . 16 10 5 20 5 9 Core Hits 58 | 2 15 . 1 2 . 2 . 1 3 . 1 1 2 2 . . . 5 1 3 9 2 6 Critical Kills . | . . . . . . . . . . . . . . . . . . . . . . . . Critical Parts Destroyed . | . . . . . . . . . . . . . . . . . . . . . . . . Critical Strikes 11 | . . . . . . . . 2 1 1 . 3 . . . . . . 3 1 . . . Sever 7 | . . . . . . . . 2 1 1 . 3 . . . . . . . . . . . Sunder 4 | . . . . . . . . . . . . . . . . . . . 3 1 . . . Melee Attacks 195 | . . . 6 7 1 10 . 9 8 1 3 10 6 8 . . 4 17 12 9 35 12 37 Impact . | . . . . . . . . . . . . . . . . . . . . . . . . Slashing 164 | . . . 6 7 1 . . 9 8 1 3 10 6 8 . . 4 17 . . 35 12 37 Piercing 10 | . . . . . . 10 . . . . . . . . . . . . . . . . . Entropic 21 | . . . . . . . . . . . . . . . . . . . 12 9 . . . Sneak Attacks 38 | . . . 2 2 1 . . 7 . 1 . . 4 . . . . 10 . 2 7 2 . Combat Hostiles . | . . . . . . . . . . . . . . . . . . . . . . . . Follow-up Attacks 3 | . . . 1 . . . . . . . . . . . . . . . . . 1 1 . Damage Inflicted 9296 | 85 499 24 258 354 84 287 . 605 245 105 53 456 392 82 . . . 1108 990 656 1941 483 589 Guns 584 | 85 425 24 . . . . . . . 50 . . . . . . . . . . . . . Cannons . | . . . . . . . . . . . . . . . . . . . . . . . . Explosions 74 | . 74 . . . . . . . . . . . . . . . . . . . . . . Melee 8638 | . . . 258 354 84 287 . 605 245 55 53 456 392 82 . . . 1108 990 656 1941 483 589 Ramming . | . . . . . . . . . . . . . . . . . . . . . . . . Kinetic . | . . . . . . . . . . . . . . . . . . . . . . . . Thermal 74 | . 74 . . . . . . . . . . . . . . . . . . . . . . Explosive . | . . . . . . . . . . . . . . . . . . . . . . . . Electromagnetic 584 | 85 425 24 . . . . . . . 50 . . . . . . . . . . . . . Impact . | . . . . . . . . . . . . . . . . . . . . . . . . Slashing 6705 | . . . 258 354 84 . . 605 245 55 53 456 392 82 . . . 1108 . . 1941 483 589 Piercing 287 | . . . . . . 287 . . . . . . . . . . . . . . . . . Entropic 1646 | . . . . . . . . . . . . . . . . . . . 990 656 . . . Highest Corruption 2 | . . . . 1 . . . . . . . 2 . . . . 2 1 . . . . . Average Corruption 1 | . . . . 1 . . . . . . . 1 . . . . 1 1 . . . . . Corruption Purged . | . . . . . . . . . . . . . . . . . . . . . . . . Corruption Blocked 60 | . . . . . . . . . . . . . . . . . . . . . . . 60 Effects 5 | . . . . . . . . . . . . 2 . . . . 1 2 . . . . . Message Errors 1 | . . . . . . . . . . . . 1 . . . . . . . . . . . Heat Flow Errors 2 | . . . . . . . . . . . . 1 . . . . . 1 . . . . . Energy Discharges 1 | . . . . . . . . . . . . . . . . . 1 . . . . . . Data Loss (minor) 1 | . . . . . . . . . . . . . . . . . . 1 . . . . . Overload Shots . | . . . . . . . . . . . . . . . . . . . . . . . . Overflow Damage 1676 | . . . 41 92 54 . . 85 . . . 19 100 . . . . 210 251 75 479 205 65 Projectiles . | . . . . . . . . . . . . . . . . . . . . . . . . Explosions . | . . . . . . . . . . . . . . . . . . . . . . . . Melee 1676 | . . . 41 92 54 . . 85 . . . 19 100 . . . . 210 251 75 479 205 65 Knockbacks . | . . . . . . . . . . . . . . . . . . . . . . . . Impact . | . . . . . . . . . . . . . . . . . . . . . . . . Kinetic . | . . . . . . . . . . . . . . . . . . . . . . . . Secondary . | . . . . . . . . . . . . . . . . . . . . . . . . Self-Inflicted Damage 7 | . 7 . . . . . . . . . . . . . . . . . . . . . . Shots 1 | . 1 . . . . . . . . . . . . . . . . . . . . . . Rammed . | . . . . . . . . . . . . . . . . . . . . . . . . Targets Rammed . | . . . . . . . . . . . . . . . . . . . . . . . . Kicked . | . . . . . . . . . . . . . . . . . . . . . . . . Crushed . | . . . . . . . . . . . . . . . . . . . . . . . . Highest Temperature 207 | . 51 37 23 . 7 . . . 5 48 15 96 . . . . . 207 157 . . 12 16 Average Temperature 19 | . 26 9 5 . 7 . . . 5 19 15 61 . . . . . 116 90 . . 12 16 Received Heat Transfer 1582 | . 51 81 54 . 78 229 18 45 117 162 105 . 18 27 . . 51 96 81 63 81 180 45 Siege Activations . | . . . . . . . . . . . . . . . . . . . . . . . . Robots Corrupted . | . . . . . . . . . . . . . . . . . . . . . . . . Combat Hostiles . | . . . . . . . . . . . . . . . . . . . . . . . . Parts Fried 4 | . 3 . . . . 1 . . . . . . . . . . . . . . . . . Impact Corruptions . | . . . . . . . . . . . . . . . . . . . . . . . . Robots Melted . | . . . . . . . . . . . . . . . . . . . . . . . . Combat Hostiles . | . . . . . . . . . . . . . . . . . . . . . . . . Parts Melted . | . . . . . . . . . . . . . . . . . . . . . . . . Heat Transferred 100 | . 100 . . . . . . . . . . . . . . . . . . . . . . Parts Sabotaged . | . . . . . . . . . . . . . . . . . . . . . . . . Parts Stolen . | . . . . . . . . . . . . . . . . . . . . . . . . Parts Stripped . | . . . . . . . . . . . . . . . . . . . . . . . . Power Chain Reactions 2 | . 2 . . . . . . . . . . . . . . . . . . . . . . Missiles Intercepted . | . . . . . . . . . . . . . . . . . . . . . . . . Alert | -11 -10 -9 -8 -7 -6 -6 -6 -6 -6 -5 -5 -5 -4 -4 -4 -4 -3 -3 -2 -2 -2 -1 -1 ------- Run | Scr Mat Mat Mat Fac Fac Ext Cet Arc Hub Fac Upp Upp Fac Upp Upp War Pro Res Res Qua Sec Acc Com Peak Influence 785 | 10 226 165 172 242 284 279 131 35 152 155 . . 117 . . . . 440 785 344 663 408 540 Initial 326 | . 4 . 49 56 87 98 116 30 7 5 . . 65 . . . . 10 185 326 89 245 9 Average 174 | 3 56 52 62 129 165 190 115 29 59 41 . . 94 . . . . 122 354 117 385 287 274 Maximum Alert Level 3 | . 1 . . 1 1 1 . . . . . . . . . . . 2 3 1 2 2 2 Low Security (%) 61 | 100 93 100 100 69 62 55 100 100 100 100 . . 100 . . . . 76 6 74 12 9 32 Level 1 26 | . 6 . . 30 37 44 . . . . . . . . . . . 15 50 25 30 87 48 Level 2 12 | . . . . . . . . . . . . . . . . . . 8 38 . 56 3 19 Level 3 . | . . . . . . . . . . . . . . . . . . . 4 . . . . Level 4 . | . . . . . . . . . . . . . . . . . . . . . . . . Level 5 . | . . . . . . . . . . . . . . . . . . . . . . . . High Security . | . . . . . . . . . . . . . . . . . . . . . . . . Max Security . | . . . . . . . . . . . . . . . . . . . . . . . . Squads Dispatched 29 | . . 1 2 3 1 3 . . . 3 . . . . . . . 2 3 1 4 5 1 Investigation 11 | . . . 1 2 1 2 . . . 1 . . . . . . . 1 2 . . 1 . Extermination 4 | . . . . . . . . . . . . . . . . . . 1 . . 1 2 . Reinforcement 14 | . . 1 1 1 . 1 . . . 2 . . . . . . . . 1 1 3 2 1 Assault . | . . . . . . . . . . . . . . . . . . . . . . . . Garrison . | . . . . . . . . . . . . . . . . . . . . . . . . Intercept . | . . . . . . . . . . . . . . . . . . . . . . . . Searches Triggered 3 | . . . . . . . . . . . . . . . . . . . . . 2 1 . Construction Impeded . | . . . . . . . . . . . . . . . . . . . . . . . . Haulers Reinforced 2 | . . . . . . . . . . 1 . . . . . . . . . . 1 . . Active Scanning Responses . | . . . . . . . . . . . . . . . . . . . . . . . . Cargo Convoy Interrupts . | . . . . . . . . . . . . . . . . . . . . . . . . Stealth | -11 -10 -9 -8 -7 -6 -6 -6 -6 -6 -5 -5 -5 -4 -4 -4 -4 -3 -3 -2 -2 -2 -1 -1 --------- Run | Scr Mat Mat Mat Fac Fac Ext Cet Arc Hub Fac Upp Upp Fac Upp Upp War Pro Res Res Qua Sec Acc Com Distress Signals 31 | . . 3 2 . 1 1 1 . . . . . . . . . . 2 6 2 3 2 8 Communications Jammed 38 | . . . . . . . . . . . . . . . . . . . 5 1 32 . . Distress Signals 35 | . . . . . . . . . . . . . . . . . . . 5 1 29 . . Times Spotted 596 | . 9 23 20 19 16 35 5 7 8 14 12 8 4 24 5 . 8 55 43 21 113 91 56 Peak Tracking Total 21 | . 2 13 18 5 9 10 5 9 4 4 9 5 3 8 5 . 8 21 15 8 20 11 10 Tactical Retreats 80 | . . 3 2 6 3 8 . 1 2 5 2 3 . 6 . . 1 13 11 2 10 . 2 Traps | -11 -10 -9 -8 -7 -6 -6 -6 -6 -6 -5 -5 -5 -4 -4 -4 -4 -3 -3 -2 -2 -2 -1 -1 ------- Run | Scr Mat Mat Mat Fac Fac Ext Cet Arc Hub Fac Upp Upp Fac Upp Upp War Pro Res Res Qua Sec Acc Com Traps Triggered 10 | . . 1 . 1 . 1 . . . . . . 1 . . . . . . . 1 . 5 Indirectly . | . . . . . . . . . . . . . . . . . . . . . . . . Trap Hack Attempts . | . . . . . . . . . . . . . . . . . . . . . . . . Triggered . | . . . . . . . . . . . . . . . . . . . . . . . . Disarmed 13 | . . . . . . . . . . 7 . . . . . . . . . 6 . . . Reprogrammed 7 | . . . . . . 1 . . . . . . . . . . . . . 6 . . . Reused 5 | . . . . . . 1 . . . . . . . . . . . . . 4 . . . Traps Extracted . | . . . . . . . . . . . . . . . . . . . . . . . . Installed . | . . . . . . . . . . . . . . . . . . . . . . . . Triggered 15 | . . . . . . 1 . . . . . 2 . . 1 5 1 . . 4 . . 1 Machines | -11 -10 -9 -8 -7 -6 -6 -6 -6 -6 -5 -5 -5 -4 -4 -4 -4 -3 -3 -2 -2 -2 -1 -1 ---------- Run | Scr Mat Mat Mat Fac Fac Ext Cet Arc Hub Fac Upp Upp Fac Upp Upp War Pro Res Res Qua Sec Acc Com Machines Disabled 12 | . 1 . . . . 2 . . . . . . . . . 1 . . . 3 5 . . Max in Single Turn 1 | . 1 . . . . 1 . . . . . . . . . . . . . 1 1 . . Garrison Access 4 | . . . . 1 . . . . . . . . . . . . . . 1 . 1 1 . Machines Sabotaged . | . . . . . . . . . . . . . . . . . . . . . . . . Garrisons Compromised . | . . . . . . . . . . . . . . . . . . . . . . . . Overloaded Fab Kills . | . . . . . . . . . . . . . . . . . . . . . . . . Hacking | -11 -10 -9 -8 -7 -6 -6 -6 -6 -6 -5 -5 -5 -4 -4 -4 -4 -3 -3 -2 -2 -2 -1 -1 --------- Run | Scr Mat Mat Mat Fac Fac Ext Cet Arc Hub Fac Upp Upp Fac Upp Upp War Pro Res Res Qua Sec Acc Com Machines Accessed 100 | . 4 5 3 10 7 10 2 . 2 6 2 . 1 . . 2 . 5 3 12 11 7 8 Terminals 75 | . 2 4 3 7 4 10 2 . 2 3 . . 1 . . . . 3 1 12 10 4 7 Fabricators 7 | . . . . 1 2 . . . . 2 . . . . . . . 1 . . . 1 . Repair Stations 3 | . 1 . . . . . . . . . . . . . . . . 1 . . . . 1 Recycling Units 3 | . 1 1 . 1 . . . . . . . . . . . . . . . . . . . Scanalyzers 2 | . . . . . 1 . . . . . . . . . . . . . . . . 1 . Garrison Access 6 | . . . . 1 . . . . . 1 . . . . . . . . 2 . 1 1 . Total Hacks 277 | . 11 15 13 23 15 26 6 . 4 16 2 . 2 . . 2 . 11 5 37 32 21 36 Successful 187 | . 9 11 5 11 7 14 5 . 1 11 2 . 2 . . 2 . 7 1 35 28 13 23 Failed 90 | . 2 4 8 12 8 12 1 . 3 5 . . . . . . . 4 4 2 4 8 13 Catastrophic 5 | . . . . 1 1 . . . . 1 . . . . . . . 1 1 . . . . Database Lockouts . | . . . . . . . . . . . . . . . . . . . . . . . . Manual 135 | . 10 13 8 19 13 6 . . 2 7 . . 1 . . . . 5 2 14 14 10 11 Terminals 235 | . 9 14 13 18 9 26 6 . 4 11 . . 2 . . . . 7 2 37 31 13 33 Fabricators 14 | . . . . 3 3 . . . . 3 . . . . . . . 1 . . . 4 . Repair Stations 7 | . 1 . . . . . . . . . . . . . . . . 3 . . . . 3 Recycling Units 3 | . 1 1 . 1 . . . . . . . . . . . . . . . . . . . Scanalyzers 4 | . . . . . 3 . . . . . . . . . . . . . . . . 1 . Garrison Access 10 | . . . . 1 . . . . . 2 . . . . . . . . 3 . 1 3 . Terminal Hacks 101 | . 3 3 2 2 . 10 5 . 1 5 2 . 1 . . 2 . 2 . 25 17 4 17 Record 9 | . . . . . . . 4 . . . 1 . . . . . . . . 2 2 . . Robot Analysis 4 | . . . . . . . . . . 1 . . . . . . . . . . 3 . . Prototype ID Bank 7 | . . . . . . 1 . . 1 . . . . . . . . . . 2 . . 3 Open Door 13 | . . . . . . 6 1 . . . 1 . . . . 2 . . . 1 2 . . Level Access Points 7 | . . 1 1 1 . . . . . 1 . . . . . . . . . 1 1 . 1 Branch Access Points 2 | . . . . . . . . . . . . . . . . . . . . . 1 1 . Emergency Access Points 6 | . . . . . . . . . . . . . . . . . . . . 1 1 . 4 Machine Index 1 | . . . . . . . . . . . . . . . . . . . . . . . 1 Terminal Index 2 | . . . . . . . . . . . . . . . . . . . . . . 1 1 Repair Station Index 1 | . . . . . . . . . . . . . . . . . . . . 1 . . . Scanalyzer Index 1 | . . . . . . . . . . . . . . . . . . . . . . . 1 Alert Level 1 | . . . . . . . . . . . . . . . . . . . . . 1 . . Unreport Threat 16 | . 2 2 1 1 . 1 . . . . . . . . . . . 2 . 5 2 . . Locate Traps 3 | . . . . . . . . . . . . . . . . . . . . 2 . . 1 Disarm Traps 4 | . . . . . . . . . . 3 . . . . . . . . . 1 . . . Reprogram Traps 2 | . . . . . . 1 . . . . . . . . . . . . . 1 . . . Dispatch Records 1 | . . . . . . . . . . . . . . . . . . . . 1 . . . Security Status 1 | . . . . . . . . . . . . . . . . . . . . . . . 1 Surveillance Status 1 | . . . . . . . . . . . . . . . . . . . . . . . 1 Transport Status 1 | . . . . . . . . . . . . . . . . . . . . . . . 1 Recall Investigation 1 | . . . . . . . . . . . . . . . . . . . . . 1 . . Recall Extermination 1 | . . . . . . . . . . . . . . . . . . . . 1 . . . Recall Reinforcements 2 | . . . . . . . . . . . . . . . . . . . . 1 1 . . Recall Assault 1 | . . . . . . . . . . . . . . . . . . . . 1 . . . Registered Components 1 | . . . . . . . . . . . . . . . . . . . . . 1 . . Registered Prototypes 1 | . . . . . . . . . . . . . . . . . . . . 1 . . . Zone Layout 9 | . 1 . . . . 1 . . . . . . 1 . . . . . . 3 1 2 . Disengage Seal 2 | . . . . . . . . . . . . . . . . . . . . . . . 2 Fabricator Hacks 3 | . . . . . . . . . . 1 . . . . . . . . . . . 2 . Load Schematic 1 | . . . . . . . . . . . . . . . . . . . . . . 1 . Build 2 | . . . . . . . . . . 1 . . . . . . . . . . . 1 . Repair Station Hacks 2 | . . . . . . . . . . . . . . . . . . 2 . . . . . Scan Component 1 | . . . . . . . . . . . . . . . . . . 1 . . . . . Repair 1 | . . . . . . . . . . . . . . . . . . 1 . . . . . Recycling Unit Hacks . | . . . . . . . . . . . . . . . . . . . . . . . . Scanalyzer 2 | . . . . . 2 . . . . . . . . . . . . . . . . . . Insert Component 1 | . . . . . 1 . . . . . . . . . . . . . . . . . . Analyze 1 | . . . . . 1 . . . . . . . . . . . . . . . . . . Garrison Access Hacks 4 | . . . . 1 . . . . . . . . . . . . . . 1 . 1 1 . Seal Access 4 | . . . . 1 . . . . . . . . . . . . . . 1 . 1 1 . Unauthorized Hacks 75 | . 6 8 3 8 5 4 . . . 5 . . 1 . . . . 3 . 10 10 6 6 Terminals 65 | . 4 7 3 7 5 4 . . . 3 . . 1 . . . . 2 . 10 10 4 5 Track 1 | . 1 . . . . . . . . . . . . . . . . . . . . . . Assimilate 9 | . . 2 . 1 2 1 . . . . . . . . . . . . . . 2 1 . Botnet 53 | . 2 4 3 6 3 3 . . . 3 . . 1 . . . . 2 . 10 8 3 5 Operators 2 | . 1 1 . . . . . . . . . . . . . . . . . . . . . Fabricators 4 | . . . . . . . . . . 2 . . . . . . . 1 . . . 1 . Fabnet 4 | . . . . . . . . . . 2 . . . . . . . 1 . . . 1 . Repair Stations 2 | . 1 . . . . . . . . . . . . . . . . . . . . . 1 Mechanics 2 | . 1 . . . . . . . . . . . . . . . . . . . . . 1 Recycling Units 3 | . 1 1 . 1 . . . . . . . . . . . . . . . . . . . Recyclers 3 | . 1 1 . 1 . . . . . . . . . . . . . . . . . . . Scanalyzers 1 | . . . . . . . . . . . . . . . . . . . . . . 1 . Researchers 1 | . . . . . . . . . . . . . . . . . . . . . . 1 . Garrison Access . | . . . . . . . . . . . . . . . . . . . . . . . . Data Cores Recovered . | . . . . . . . . . . . . . . . . . . . . . . . . Used . | . . . . . . . . . . . . . . . . . . . . . . . . Hacking Detections 72 | . 2 4 3 7 6 7 1 . 2 4 . . . . . . . 4 2 10 8 5 7 Full Trace Events 10 | . . . 1 2 1 2 . . . 1 . . . . . . . 1 1 . . 1 . Feedback Events 1 | . . . . . . . . . . . . . . . . . . . . . . 1 . Corruption 1 | . . . . . . . . . . . . . . . . . . . . . . 1 . Feedback Blocked . | . . . . . . . . . . . . . . . . . . . . . . . . Robot Schematics Acquired 1 | . . . . . . . . . . . . . . . . . . . . . 1 . . Robots Built 1 | . . . . . . . . . . . . . . . . . . . . . . 1 . Authchips . | . . . . . . . . . . . . . . . . . . . . . . . . Time 27 | . . . . . . . . . . . . . . . . . . . . . . 27 . Total Robot Build Rating 1 | . . . . . . . . . . . . . . . . . . . . . . 1 . Part Schematics Acquired 7 | . . . . . 1 . . . . . . . . . . . . . . 5 1 . . Parts Built 2 | . . . . . . . . . . 2 . . . . . . . . . . . . . Authchips . | . . . . . . . . . . . . . . . . . . . . . . . . Time 117 | . . . . . . . . . . 117 . . . . . . . . . . . . . Total Part Build Rating 14 | . . . . . . . . . . 14 . . . . . . . . . . . . . Parts Repaired 1 | . . . . . . . . . . . . . . . . . . 1 . . . . . Time 44 | . . . . . . . . . . . . . . . . . . 44 . . . . . Parts Recycled . | . . . . . . . . . . . . . . . . . . . . . . . . Recycled Matter . | . . . . . . . . . . . . . . . . . . . . . . . . Retrieved Matter . | . . . . . . . . . . . . . . . . . . . . . . . . Retrieved Components . | . . . . . . . . . . . . . . . . . . . . . . . . Parts Scanalyzed 1 | . . . . . 1 . . . . . . . . . . . . . . . . . . Part Schematics Acquired 1 | . . . . . 1 . . . . . . . . . . . . . . . . . . Parts Damaged . | . . . . . . . . . . . . . . . . . . . . . . . . Bothacking | -11 -10 -9 -8 -7 -6 -6 -6 -6 -6 -5 -5 -5 -4 -4 -4 -4 -3 -3 -2 -2 -2 -1 -1 ------------ Run | Scr Mat Mat Mat Fac Fac Ext Cet Arc Hub Fac Upp Upp Fac Upp Upp War Pro Res Res Qua Sec Acc Com Used RIF Installer . | . . . . . . . . . . . . . . . . . . . . . . . . Robots Hacked 2 | . . . . . . . . . . . . . . . . 2 . . . . . . . Non-combat . | . . . . . . . . . . . . . . . . . . . . . . . . Combat 2 | . . . . . . . . . . . . . . . . 2 . . . . . . . Robot Hacks Applied . | . . . . . . . . . . . . . . . . . . . . . . . . Relay Couplers Released 4 | . . . . . . . . . . . . . . . . . . . 4 . . . . Programmers 4 | . . . . . . . . . . . . . . . . . . . 4 . . . . Fabnet Peak Effective % 6 | . . . . . . . . . . . . . 6 6 6 6 2 2 . . . . . Autooverrided 2 | . . . . . . . . . . . . . . . . 2 . . . . . . . Robots Rewired . | . . . . . . . . . . . . . . . . . . . . . . . . Allies Hacked . | . . . . . . . . . . . . . . . . . . . . . . . . Hacks Repelled . | . . . . . . . . . . . . . . . . . . . . . . . . Allies | -11 -10 -9 -8 -7 -6 -6 -6 -6 -6 -5 -5 -5 -4 -4 -4 -4 -3 -3 -2 -2 -2 -1 -1 -------- Run | Scr Mat Mat Mat Fac Fac Ext Cet Arc Hub Fac Upp Upp Fac Upp Upp War Pro Res Res Qua Sec Acc Com Total Allies 20 | . . 2 . 1 1 8 . . . . 2 . . . . 2 . . . . 2 2 . Largest Group 3 | . . 1 . 1 1 3 . . . . 2 . . . . 1 . . . . 1 1 . Highest-Rated Group 200 | . . 10 . 10 26 200 . . . . 40 . . . . 49 . . . . 45 45 . Highest-Rated Ally 159 | . . 10 . 10 26 159 . . . . 20 . . . . 49 . . . . 45 45 . Total Orders 1 | . . . . . . . . . . . . . . . . . . . . . . 1 . EXPLORE 1 | . . . . . . . . . . . . . . . . . . . . . . 1 . Ally Attacks 74 | . . . . . . 63 . . . . 4 . . . . 7 . . . . . . . Total Damage 2281 | . . . . . . 1530 . . . . 123 . . . . 628 . . . . . . . Kills 8 | . . . . . . 7 . . . . 1 . . . . . . . . . . . . Allies Corrupted 1 | . . . . . . . . . . . . . . . . 1 . . . . . . . Allies Melted 1 | . . . . . . . . . . . 1 . . . . . . . . . . . . Intel | -11 -10 -9 -8 -7 -6 -6 -6 -6 -6 -5 -5 -5 -4 -4 -4 -4 -3 -3 -2 -2 -2 -1 -1 ------- Run | Scr Mat Mat Mat Fac Fac Ext Cet Arc Hub Fac Upp Upp Fac Upp Upp War Pro Res Res Qua Sec Acc Com Robot Analysis Total 4 | . . . . . . . . . . 1 . . . . . . . . . . 3 . . Derelict Logs Recovered 4 | . . . . . . . . . . . . 3 . . 1 . . . . . . . . Drone Launches 3 | . . . . . . . . . . . . . . . . . . . . . . 3 . Drone Recoveries 1 | . . . . . . . . . . . . . . . . . . . . . . 1 . Exploration | -11 -10 -9 -8 -7 -6 -6 -6 -6 -6 -5 -5 -5 -4 -4 -4 -4 -3 -3 -2 -2 -2 -1 -1 ------------- Run | Scr Mat Mat Mat Fac Fac Ext Cet Arc Hub Fac Upp Upp Fac Upp Upp War Pro Res Res Qua Sec Acc Com Turns Passed 7938 | 121 591 207 140 251 231 358 46 51 461 643 271 374 131 395 216 238 170 616 620 236 645 440 486 Spaces Moved 16889 | 83 429 514 311 941 867 792 107 49 320 551 386 731 199 922 650 777 513 1300 2002 686 1628 1032 1099 Core 126 | 2 . . . . . . 49 30 17 . . . . . . . . 28 . . . . . Treads . | . . . . . . . . . . . . . . . . . . . . . . . . Legs 1206 | 81 429 7 . . . . . . 303 386 . . . . . . . . . . . . . Wheels . | . . . . . . . . . . . . . . . . . . . . . . . . Hover 1944 | . . . . . . . . 19 . 165 386 731 199 442 . . . 2 . . . . . Flight 13562 | . . 507 311 941 867 792 58 . . . . . . 480 650 777 513 1270 2002 686 1612 1013 1083 Fastest Speed 22 | 50 120 29 26 23 24 24 35 50 50 65 65 46 48 27 30 30 30 26 26 26 26 22 28 Average Speed 37 | 118 120 30 26 23 24 31 41 53 106 85 65 46 48 38 30 30 30 35 26 26 28 27 28 Slowest Speed 355 | 120 120 120 26 26 24 35 50 100 112 170 116 50 61 355 30 30 34 100 45 26 100 32 99 Overloaded Moves . | . . . . . . . . . . . . . . . . . . . . . . . . Propulsion Burnouts . | . . . . . . . . . . . . . . . . . . . . . . . . Robots Hopped 112 | . . 9 8 16 6 24 . . . . . . . . . . 2 12 13 7 13 1 1 Cave-ins Triggered . | . . . . . . . . . . . . . . . . . . . . . . . . Spacefolds 17 | . . . . . . . . . . . . . . . . . . . . . 4 7 6 Microwarps 2 | . . . . . . . . . . . . . . . . . . . . . 2 . . Exploration Rate (%) 54 | 4 52 59 45 25 22 85 66 73 33 16 50 87 7 98 79 92 79 48 71 77 72 31 42 Regions Visited 23 Branch Regions 13 Pre-discovered Areas 1 | . . . . . . . . . . . . 1 . . . . . . . . . . . Known Exits Taken 23 | 1 1 1 1 1 1 1 1 1 1 1 1 1 1 1 1 1 1 1 1 1 1 1 . Unknown Exits Taken . | . . . . . . . . . . . . . . . . . . . . . . . . Scrap Searched 8 | . . . . . . . . . . . 1 2 . 2 1 . 2 . . . . . . Spaces Dug 34 | . . . . . . . . . . . . . . 4 . . . . 2 . 2 6 20 Terrain Destroyed 38 | . 4 . . . . . . . . . . . . 4 . . . . 2 . 2 6 20 Melee 34 | . . . . . . . . . . . . . . 4 . . . . 2 . 2 6 20 Projectile . | . . . . . . . . . . . . . . . . . . . . . . . . AOE 4 | . 4 . . . . . . . . . . . . . . . . . . . . . . Terrain Rammed . | . . . . . . . . . . . . . . . . . . . . . . . . Walls Destroyed . | . . . . . . . . . . . . . . . . . . . . . . . . Machines Disabled . | . . . . . . . . . . . . . . . . . . . . . . . . Actions | -11 -10 -9 -8 -7 -6 -6 -6 -6 -6 -5 -5 -5 -4 -4 -4 -4 -3 -3 -2 -2 -2 -1 -1 --------- Run | Scr Mat Mat Mat Fac Fac Ext Cet Arc Hub Fac Upp Upp Fac Upp Upp War Pro Res Res Qua Sec Acc Com Total 18036 | 96 472 556 352 942 881 857 108 59 422 717 400 748 220 943 670 781 517 1409 2061 730 1724 1156 1215 Wait 562 | . 5 17 35 3 2 54 . . 80 142 6 . . 2 21 . . 69 13 9 50 54 . Move 16631 | 82 428 495 295 910 854 749 106 48 319 550 385 730 198 921 649 776 508 1279 1980 674 1592 1017 1086 Hop 90 | . . 9 7 14 6 18 . . . . . . . . . . 2 8 8 4 12 1 1 Pick Up 37 | 2 3 6 1 2 2 2 . . . 1 2 2 2 1 . 2 . . . 3 1 3 2 Fast Attach 206 | 5 2 8 3 1 5 1 . 2 11 10 . 1 8 5 . 1 . 25 30 11 27 31 19 Attach 42 | . . 3 2 3 2 5 1 . 1 2 2 2 2 3 . . . 1 2 . 2 7 2 Detach 67 | . . 4 1 . 5 1 1 . 1 2 1 . 1 2 . 1 . 1 9 4 3 17 13 Swap 6 | . 1 . 1 1 2 . . . . . . . . . . . . . . 1 . . . Drop 99 | . 1 12 2 1 2 1 . . 2 5 1 3 . 1 . 1 3 9 7 15 6 15 12 Fire 45 | 7 32 2 . . . . . . . 4 . . . . . . . . . . . . . Melee 184 | . . . 5 7 1 10 . 9 8 1 3 10 5 8 . . 4 17 12 9 31 11 33 Ram . | . . . . . . . . . . . . . . . . . . . . . . . . Kick . | . . . . . . . . . . . . . . . . . . . . . . . . Crush . | . . . . . . . . . . . . . . . . . . . . . . . . Escape Stasis 67 | . . . . . . 16 . . . . . . 4 . . . . . . . . . 47 Rewire . | . . . . . . . . . . . . . . . . . . . . . . . . Trap . | . . . . . . . . . . . . . . . . . . . . . . . . Miscellaneous . | . . . . . . . . . . . . . . . . . . . . . . . . Route ------- -11/Scrapyard -10/Materials (discovered 3 exits: *Mat / *Min x2) -9/Materials (discovered 4 exits: *Mat x3 / *Min) -8/Materials (discovered 3 exits: *Fac x3) -7/Factory (discovered 6 exits: *Fac x4 / *Low x2) -6/Factory -6/Extension (discovered 2 exits: *Fac / *Cet) -6/Cetus -6/Archives -6/Hub_04(d) -5/Factory (discovered 5 exits: Fac x4 / *Upp) -5/Upper Caves -5/Upper Caves -4/Factory (discovered 2 exits: Res / *Upp) -4/Upper Caves -4/Upper Caves (discovered 2 exits: *Res / *War) -4/Warlord -3/Proximity Caves -3/Research -2/Research -2/Quarantine -2/Section 7 -1/Access -1/Command (discovered 2 exits: *Sur x2) Tau Ceti IV Orbit History --------- Turn | Location | Event 8 | -11/Scrapyard | Identified exit to Materials 8 | -11/Scrapyard | Discovered exit to Materials (range 15) 122 | -11/Scrapyard | Entered Materials 122 | -10/Materials | Evolved 1 slot: Propulsion x1 315 | -10/Materials | Build established: Hacker-Mutant 316 | -10/Materials | Identified exit to Mines 316 | -10/Materials | Discovered exit to Mines (range 14) 438 | -10/Materials | Identified exit to Materials 438 | -10/Materials | Discovered exit to Materials (range 13) 474 | -10/Materials | Discovered exit to Mines (range 11) 713 | -10/Materials | Entered another Materials area 713 | -9/Materials | Evolved 2 slots: Power x1, Utility x1 832 | -9/Materials | Identified exit to Materials 832 | -9/Materials | Discovered exit to Materials (range 16) 852 | -9/Materials | Identified exit to Mines 852 | -9/Materials | Discovered exit to Mines (range 3) 920 | -9/Materials | Entered another Materials area 920 | -8/Materials | Evolved 2 slots: Propulsion x1, Utility x1 934 | -8/Materials | Identified exit to Factory 1060 | -8/Materials | Entered Factory 1060 | -7/Factory | Evolved 2 slots: Propulsion x1, Utility x1 1091 | -7/Factory | Identified exit to Lower Caves 1091 | -7/Factory | Discovered exit to Lower Caves (range 5) 1150 | -7/Factory | Build established: Hacker-Scout 1235 | -7/Factory | Discovered exit to Lower Caves (range 7) 1236 | -7/Factory | Identified exit to Factory 1311 | -7/Factory | Entered another Factory area 1311 | -6/Factory | Evolved 2 slots: Utility x2 1426 | -6/Factory | Spotted B-75 Beast 1538 | -6/Factory | Identified exit to Extension 1538 | -6/Factory | Discovered exit to Extension (range 16) 1542 | -6/Factory | Entered Extension 1555 | -6/Extension | Disrupted transfer network 1592 | -6/Extension | Rescued A7 1599 | -6/Extension | Rescued a captive Derelict 1638 | -6/Extension | Lost 3 parts (3n) 1686 | -6/Extension | Rescued a captive Derelict 1687 | -6/Extension | Rescued a captive Derelict 1722 | -6/Extension | Spotted B-75 Beast 1724 | -6/Extension | Spotted B-75 Beast 1760 | -6/Extension | Identified exit to Cetus 1760 | -6/Extension | Discovered exit to Cetus (range 16) 1761 | -6/Extension | Identified exit to Factory 1761 | -6/Extension | Discovered exit to Factory (range 14) 1768 | -6/Extension | Lost 8 parts (1p4n3u) 1788 | -6/Extension | Rescued a captive Derelict 1788 | -6/Extension | Rescued a captive Derelict 1798 | -6/Extension | Rescued a captive Derelict 1839 | -6/Extension | Rescued a captive Derelict 1841 | -6/Extension | Rescued a captive Derelict 1900 | -6/Extension | Entered Cetus 1906 | -6/Cetus | Spotted Cetus Guard 1906 | -6/Cetus | Spotted Cetus Guard 1906 | -6/Cetus | Spotted Cetus Guard 1906 | -6/Cetus | Spotted Cetus Guard 1938 | -6/Cetus | Identified exit to Archives 1938 | -6/Cetus | Discovered exit to Archives (range 15) 1946 | -6/Cetus | Entered Archives 1953 | -6/Archives | Met Zhirov 1959 | -6/Archives | Reinforcements dispatched to Archives 1976 | -6/Archives | Zhirov warped through subspace 1985 | -6/Archives | Identified exit to Hub_04(d) 1985 | -6/Archives | Discovered exit to Hub_04(d) (range 13) 1986 | -6/Archives | Core integrity fell below 50% 1994 | -6/Archives | Zhirov detonated Archives 1995 | -6/Archives | Core integrity fell below 20% 1997 | -6/Archives | Entered Hub_04(d) 2053 | -6/Hub_04(d) | Build established: Hacker-Mutant 2449 | -6/Hub_04(d) | Discovered exit to Factory (range 4) 2458 | -6/Hub_04(d) | Entered Factory 2458 | -5/Factory | Evolved 2 slots: Propulsion x1, Utility x1 2676 | -5/Factory | Fabricated Adv. VSS Leg (x2) 2702 | -5/Factory | Build established: Hacker-Assassin 2805 | -5/Factory | Identified exit to Factory 2836 | -5/Factory | Spotted B-75 Beast 3052 | -5/Factory | Identified exit to Upper Caves 3052 | -5/Factory | Discovered exit to Upper Caves (range 17) 3101 | -5/Factory | Entered Upper Caves 3185 | -5/Upper Caves | A Commander dispatched an escort 3198 | -5/Upper Caves | Learned Extension garrison access intel 3255 | -5/Upper Caves | Build established: Hacker-Ninja 3322 | -5/Upper Caves | Attracted the attention of an 0b10 checkpoint 3336 | -5/Upper Caves | Lost 3 parts (1n2u) 3353 | -5/Upper Caves | Identified exit to Upper Caves 3353 | -5/Upper Caves | Discovered exit to Upper Caves (range 19) 3372 | -5/Upper Caves | Entered another Upper Caves area 3379 | -5/Upper Caves | Discovered exit to Factory (range 8) 3552 | -5/Upper Caves | Learned location of 1 exit from Factory 3567 | -5/Upper Caves | Lost 3 parts (1p2n) 3605 | -5/Upper Caves | Build established: Hacker-Mutant 3634 | -5/Upper Caves | Learned Factory terminal intel 3746 | -5/Upper Caves | Entered Factory 3746 | -4/Factory | Evolved 2 slots: Power x1, Utility x1 3747 | -4/Factory | Identified exit to Research 3748 | -4/Factory | Loaded intel: 26 terminal locations 3821 | -4/Factory | Found Quantum Capacitor 3849 | -4/Factory | Identified exit to Upper Caves 3849 | -4/Factory | Discovered exit to Upper Caves (range 19) 3877 | -4/Factory | Entered Upper Caves 3881 | -4/Upper Caves | Spotted B-86 Titan 4035 | -4/Upper Caves | Attracted the attention of an 0b10 outpost 4268 | -4/Upper Caves | Identified exit to Upper Caves 4268 | -4/Upper Caves | Discovered exit to Upper Caves (range 13) 4270 | -4/Upper Caves | Attracted the attention of an 0b10 checkpoint 4272 | -4/Upper Caves | Entered another Upper Caves area 4287 | -4/Upper Caves | Discovered exit to Research (range 21) 4355 | -4/Upper Caves | Encountered a Warlord checkpoint 4475 | -4/Upper Caves | Learned Research trap positions 4484 | -4/Upper Caves | Identified exit to Warlord 4484 | -4/Upper Caves | Discovered exit to Warlord (range 18) 4488 | -4/Upper Caves | Entered Warlord 4492 | -4/Warlord | Build established: Hacker-Scout 4504 | -4/Warlord | Identified exit to Proximity Caves 4504 | -4/Warlord | Discovered exit to Proximity Caves (range 15) 4599 | -4/Warlord | Met Warlord 4624 | -4/Warlord | Warlord's base attacked by MAIN.C 4646 | -4/Warlord | Found Prototype Piercing Weapon 4646 | -4/Warlord | Identified Vortex Lance 4650 | -4/Warlord | Found Vortex Lance 4718 | -4/Warlord | Opened side exit 4726 | -4/Warlord | Entered Proximity Caves 4891 | -3/Proximity Caves | Discovered exit to Research (range 15) 4896 | -3/Proximity Caves | Entered Research 4896 | -3/Research | Evolved 2 slots: Utility x2 4897 | -3/Research | Loaded intel: 88 trap records 4924 | -3/Research | Lost 5 parts (1p2n2u) 4968 | -3/Research | Repaired Plasma Sword 5188 | -3/Research | Found Prototype Device 5188 | -3/Research | Identified Exp. Thermal Defense Suite 5301 | -3/Research | Found Prototype Device 5301 | -3/Research | Identified Exp. Focal Shield 5341 | -3/Research | Spotted B-86 Titan 5347 | -3/Research | Spotted B-86 Titan 5380 | -3/Research | Lost 17 parts (3p5n7u2w) 5503 | -3/Research | Identified exit to Research 5503 | -3/Research | Discovered exit to Research (range 13) 5512 | -3/Research | Entered another Research area 5512 | -2/Research | Warlord forces began assault on 0b10 5512 | -2/Research | Evolved 2 slots: Utility x2 5575 | -2/Research | Spotted B-90 Cyclops 5622 | -2/Research | Research machine network offline 5790 | -2/Research | Found Prototype Processor 5790 | -2/Research | Identified Exp. Signal Interpreter 5814 | -2/Research | Found Prototype Device 5814 | -2/Research | Identified Beam Splitter 5824 | -2/Research | Found Prototype Processor 5824 | -2/Research | Identified Exp. Target Analyzer 5904 | -2/Research | Build established: Generator-Ninja 5922 | -2/Research | Borebot progress halted 5975 | -2/Research | Spotted Executioner 5975 | -2/Research | Spotted Executioner 5985 | -2/Research | Spotted B-90 Cyclops 5990 | -2/Research | Spotted Executioner 6008 | -2/Research | Destroyed Executioner 6010 | -2/Research | Found Prototype Processor 6010 | -2/Research | Identified Exp. Core Analyzer 6088 | -2/Research | Found Prototype Device 6088 | -2/Research | Identified Exp. Thermal Shield 6114 | -2/Research | Borebot progress halted 6123 | -2/Research | Spotted B-90 Cyclops 6125 | -2/Research | Identified exit to Quarantine 6125 | -2/Research | Discovered exit to Quarantine (range 23) 6127 | -2/Research | Borebot progress halted 6132 | -2/Research | Entered Quarantine 6199 | -2/Quarantine | Found Alien Impact Weapon 6199 | -2/Quarantine | Identified Core Stripper 6244 | -2/Quarantine | Identified exit to Access 6259 | -2/Quarantine | Found Prototype Device 6259 | -2/Quarantine | Identified Exp. Cloaking Device 6279 | -2/Quarantine | Met incapacitated Sigix Warrior 6279 | -2/Quarantine | Lockdown squad dispatched 6293 | -2/Quarantine | Found Alien Slashing Weapon 6293 | -2/Quarantine | Identified Sigix Broadsword 6328 | -2/Quarantine | Found Alien Artifact 6328 | -2/Quarantine | Identified Core Reset Matrix 6328 | -2/Quarantine | Used Core Reset Matrix 6332 | -2/Quarantine | Sensed 6 artifacts in vicinity 6346 | -2/Quarantine | Spotted Fortress 6367 | -2/Quarantine | Identified exit to Section 7 6367 | -2/Quarantine | Discovered exit to Section 7 (range 6) 6368 | -2/Quarantine | Entered Section 7 6369 | -2/Section 7 | Sensed 21 artifacts in vicinity 6506 | -2/Section 7 | Found Microwarp Drive 6513 | -2/Section 7 | Spotted B-90 Cyclops 6545 | -2/Section 7 | Build established: Wizard-Ninja 6559 | -2/Section 7 | Found Integrated Dissipator 6559 | -2/Section 7 | Installed Integrated Dissipator, increased core heat dissipation (+20) 6569 | -2/Section 7 | Spotted Executioner 6569 | -2/Section 7 | Spotted Executioner 6576 | -2/Section 7 | Spotted Alpha 7 6577 | -2/Section 7 | Spotted Alpha 7 6577 | -2/Section 7 | Spotted B-99 Colossus 6599 | -2/Section 7 | Found LRC Matter Compressor 6599 | -2/Section 7 | Installed LRC Matter Compressor, increased matter storage capacity (+125) 6602 | -2/Section 7 | Found LRC Storage 6602 | -2/Section 7 | Installed LRC Storage, increased inventory capacity (+2) 6618 | -2/Section 7 | Search patrols dispatched 6697 | -2/Section 7 | Spotted S7 Guard 6714 | -2/Section 7 | Found Prototype Slashing Weapon 6714 | -2/Section 7 | Identified Nanosword 6715 | -2/Section 7 | Found Nanosword 6756 | -2/Section 7 | Spotted S7 Guard 6764 | -2/Section 7 | Found Navigation Efficiency Matrix 6764 | -2/Section 7 | Installed Navigation Efficiency Matrix, process failed with unexpected side effects 6777 | -2/Section 7 | Found Spacefold Activator 6844 | -2/Section 7 | Lost 5 parts (2p1n2u) 6868 | -2/Section 7 | Search patrols dispatched 6904 | -2/Section 7 | Core integrity fell below 50% 6991 | -2/Section 7 | Lost 4 parts (1p2n1u) 7013 | -2/Section 7 | Entered Access 7013 | -1/Access | Evolved 2 slots: Propulsion x2 7073 | -1/Access | Fabricated T-07 Excavator (x1) 7213 | -1/Access | Found Unknown Device 7213 | -1/Access | Identified Quantum Capacitor 7225 | -1/Access | Lost 5 parts (3n2u) 7293 | -1/Access | Search patrols dispatched 7409 | -1/Access | Lost 5 parts (2p1n2u) 7434 | -1/Access | Spotted B-99 Colossus 7439 | -1/Access | Identified exit to Command 7453 | -1/Access | Entered Command 7481 | -1/Command | Found Unknown Device 7481 | -1/Command | Identified Antimissile System 7530 | -1/Command | Spotted B-99 Colossus 7545 | -1/Command | Disengaged cave seal 7564 | -1/Command | Welcomed Warlord to Command 7590 | -1/Command | Build established: Hacker-Ninja 7622 | -1/Command | Identified exit to Surface 7656 | -1/Command | Spotted Executioner 7656 | -1/Command | Spotted Executioner 7656 | -1/Command | Spotted Executioner 7656 | -1/Command | Spotted Executioner 7656 | -1/Command | Spotted Striker 7656 | -1/Command | Spotted Striker 7656 | -1/Command | Spotted Alpha 7 7656 | -1/Command | Spotted Alpha 7 7670 | -1/Command | Disengaged cave seal 7670 | -1/Command | Derelicts emerged from the dark tunnel 7726 | -1/Command | Spotted M Guard 7726 | -1/Command | Spotted M Guard 7726 | -1/Command | Spotted Combat Programmer 7809 | -1/Command | Found Prototype Device 7809 | -1/Command | Identified Exp. Transmission Jammer 7856 | -1/Command | Core integrity fell below 50% 7917 | -1/Command | Found Prototype Processor 7917 | -1/Command | Identified Exp. Core Analyzer 7919 | -1/Command | Found Prototype Processor 7919 | -1/Command | Identified Exp. Targeting Computer 7929 | -1/Command | Spotted B-99 Colossus 7932 | -1/Command | Spotted B-99 Colossus 7939 | *** | Destroyed 0B10! Last Messages --------------- 07935_ Slug penetrates Wall. 07935_ Penetrated by Slug. 07935_ Slug penetrates Wall. 07935_ Field strength at 51. 07936_ Field strength at 76. 07936_ Field strength at 38. 07936_ Penetrated by Slug. 07936_ Lgt. Antimatter Reactor destroyed. 07936_ Slug penetrates Wall. 07937_ Field strength at 68. 07937_ Field strength at 12. 07938_ Field strength at 60. 07938_ Slug penetrates Executioner. 07938_ Penetrated by Slug. 07938_ Stasis field depleted. 07938_ Slug penetrates B-99 Colossus. 07938_ Slug penetrates Wall. 07938_ Penetrated by Slug. 07938_ Slug penetrates Reinforced Barrier. 07939_ Field strength at 52. Map ----- +----------------------------------------------------+ | ???????# " T #?######/## #??# | | ???????# #?# !![%==# #??# | | ???????# #?# [|*!= # ######"#" ""# | | ???????# #?# [% [=" | | ???????# #?# ==! !*# [ | | ???????####+#####+########?# "" # % % | | ?????????# [!=[%=% % + "" # "" "" | | ?????????# ############???# "Y # "T" " | | ?????????# #??????????????# "" # """ % %!!# | | ?????????# #????????####### "" # %! !%=%!# | | ?????????# ########## ## [ # !%!!!%%!=% | | ?????????# ## / ![ %!*%!=% | | ?????????# ############# ####%=%[# | | ?????????# ##+####### #???????????# #?#*[=[*# | | ?????????# # #????######???????????####?##%%%%# | | ?????????# # #??????????????????????????#"=[ !+ | | ?????????# # #??????????????????????????#"!%%=" | | ?????????# # #?##???##??????????????????##*!%=# | | ?????????# # #?#;####;########???????????#!!! # | | ?????????# # #??# ###?????????#|! # | | ?????????# # #??# BB#;#######???# # | | ???#####?# #####??# ^ BB; # # # ###?# # | | ???# #?# #??????# 7 ### %" | | ???# #?# #??????# % K ^ =+ " | | ???# #?# #??????# "" %%+= # | | ##### #### #??????# @" ^ *%+=%% % # | | + # #??????# ^ %+[% % " | | + # #??????# ^ E^ E7^ *##=%= # | | + # #??????# ; # # # ### #%/ " | | + # #??????# BB#########???![=% # | | ##### #### #??????# % BB#???????????#%% # | | ???# ! #?# #??????#######;#;####???????????#== # | | ???#=% #?# #????????????#####??????????????#%= *# | | ???# #?# #???????????????????????????????#/%!%# | | ???#####?# ######??????????????????????????#*!==# | | ?????????# # #??????????????????????????#==/ # | | ?????????# # #??????????????????????????#%* # | | ?????????# " ############################=%% # | | ?????????# # + = # | | ?????????# # ########## # | | ?????????# # #????????# # | | ?????????# ############### | | ?????????# # | | ?????????# # | | ?????????# + | | ?????????# # | | ?????????# # | | ?????????# # | | ?????????# + | | ?????????# ######## ###### # | +----------------------------------------------------+ Best States ------------- Heat Dissipation 98 Coolant Potential 120 Energy Generation 61 Energy Capacity 510 Matter Stores 425 Matter Capacity 425 Sight Range 23 Robot Scan Range 16 Terrain Scan Range 24 Terrain Scan Density 610 ECM Strength 2 Jamming Range 22 Cloak Strength 4 Power Amplification 20 Additional Mass Support 9 Corruption Containment 24 Resistance: KI 35 Resistance: TH 65 Resistance: EX 35 Resistance: EM 35 Resistance: I 35 Resistance: S 35 Resistance: P 35 Propulsion Shielding 33 Phase Shifting 15 Evasion (%) 91 Targeting Accuracy 12 Melee Accuracy 8 Armor Integrity Analysis 40 Offensive Hacking 60 Defensive Hacking 24 Item Schematics ----------------- Hvy. Neutron Cannon | -2/Section 7 | Archive Robot Schematics ------------------ T-07 Excavator | -2/Section 7 | Archive Fabricated ------------ Adv. VSS Leg | x2 | -5/Factory | Preloaded T-07 Excavator | x1 | -1/Access Alien Tech Used ----------------- Core Stripper Sigix Broadsword Core Reset Matrix Microwarp Drive Integrated Dissipator LRC Matter Compressor LRC Storage Navigation Efficiency Matrix Spacefold Activator Achievements -------------- Close Call Challenges ------------ None Game ------ Seed CoolantAuthchipChainsword Manual? 0 Play Time 03:33:02 Cumulative 104.1 hours Start 2022.04.27 @ 19:37:13 End 2022.04.28 @ 14:05:15 Sessions 3 Manual Loads 0 Difficulty Explorer Special Mode None Game No. 27 Rogue 0 Adventurer 1 Explorer 26 Win Type 3 Total 8 Types 5/0/1/2/0/0/0/0/0 Lore% 64 Gallery% 70 Achievement% 57 Wizard Run 0 Options --------- ASCII 0 Keyboard 1 Movement Numpad Keybinds 0 Fullscreen 0 Font 14/X11 Map View 76x50 Tactical HUD 1 Map Filters NONE Filters NONE Steam 1 RUN: cd6b77dd-505f-4059-9cbd-d699de830a64